 Dungeon Crawl Stone Soup version 0.28-a0-1404-g4df0f3684d (webtiles) character file.

Game seed: 16588612407176733473

171 ipx the Chopper (level 5, -4/29 HPs)
             Began as a Gargoyle Arcane Marksman on Jan 5, 2022.
             Slain by an ogre (10 damage)
             ... on level 4 of the Dungeon.
             The game lasted 00:09:47 (656 turns).

ipx the Chopper (Gargoyle Arcane Marksman)           Turns: 656, Time: 00:09:48

Health: -4/29      AC:  9    Str: 15    XL:     5   Next: 51%
Magic:  5/5        EV: 11    Int: 14    God:
Gold:   79         SH:  0    Dex: 16    Spells: 5/6 levels left

rFire   . . .      SeeInvis .   v - +0 spear (vamp)
rCold   . . .      Faith    .   (no shield)
rNeg    + . .      Spirit   .   j - +2 leather armour {rPois}
rPois   ∞          Reflect  .   (no helmet)
rElec   +          Harm     .   (no cloak)
rCorr   .          Rampage  .   (no gloves)
Will    .....                   (no boots)
Stlth   +.........              (no amulet)
HPRegen 0.09/turn               D - +6 ring of dexterity
MPRegen 0.09/turn               (no ring)

@: mighty
A: sickness immunity, AC +4, negative energy resistance 1, electricity
resistance, torment resistance 1, petrification resistance, low mp 1
a: no special abilities


You were on level 4 of the Dungeon.
You visited 1 branch of the dungeon, and saw 4 of its levels.

You collected 79 gold pieces.

Inventory:

Hand Weapons
 a - a +0 hand crossbow
 b - a +0 hand axe
 v - a +0 vampiric spear (weapon)
Missiles
 c - 14 bolts
 d - 26 poisoned darts (quivered)
Armour
 j - a +2 leather armour of poison resistance (worn)
Jewellery
 l - an amulet of guardian spirit
 D - a +6 ring of dexterity (left hand)
Scrolls
 e - a scroll of magic mapping {unknown}
 g - a scroll of blinking {unknown}
 m - a scroll of identify {unknown}
Potions
 k - a potion of degeneration {unknown}


   Skills:
 - Level 1.5 Fighting
 + Level 3.9 Axes
 - Level 3.0 Crossbows
 - Level 1.5 Dodging
 - Level 1.0 Spellcasting
 - Level 2.6 Hexes


You had 5 spell levels left.
You knew the following spells:

 Your Spells              Type           Power      Damage    Failure   Level
s - Slow                  Hex            32%        N/A       11%         1

Your spell library contained the following spells:

 Spells                   Type           Power      Damage    Failure   Level
 Inner Flame              Hex/Fire       4%         N/A       50%         3
 Portal Projectile        Hex/Tloc       8%         N/A       50%         3
 Cause Fear               Hex            4%         N/A       71%         4


Dungeon Overview and Level Annotations

Branches:
Dungeon (4/15)
 Temple: D:4-7

Altars:

Annotations:
D:2 Sigmund
D:4 Pargi


Innate Abilities, Weirdness & Mutations

You are immune to sickness and miasma.
Your stone body is resilient. (AC +4)
You are immune to poison.
You resist negative energy. (rN+)
You are resistant to electric shocks. (rElec)
You are resistant to unholy torment.
You are immune to petrification.
Your magical capacity is low. (-10% MP)


Message History

Pargi shouts!
You hear a shout!
Found 7 gold pieces.
Found a stone staircase leading down.
There is a stone staircase leading up here.
Press: ? - help, v - describe, . - travel
Here: Pargi The floor.
Unknown command.
Okay, then.
It was a potion of mutation.
You feel extremely strange.
You feel less energetic.
An ogre comes into view. It is wielding a +0 giant club.
Unknown command.
It was a potion of curing.
You feel better.
It was a potion of might.
You feel very mighty all of a sudden.
Reach: v) +0 spear (vamp)
Press: ? - help, Dir - move target, f - Pargi
Aim: Pargi (about 44% to evade your +0 vampiric spear)
You reach to attack!
You puncture Pargi!
You feel better.
Pargi is moderately wounded.
You puncture Pargi!
Pargi is severely wounded.
Pargi closely misses you. Pargi barely misses you.
Pargi claws you but does no damage.
You puncture Pargi!
Pargi is almost dead.
Pargi bites you. Pargi claws you but does no damage. Pargi closely misses you.
You closely miss Pargi.
Pargi is almost dead.
Pargi bites you! Pargi barely misses you. Pargi claws you but does no damage.
You closely miss Pargi.
Pargi is almost dead.
The ogre hits you with a +0 giant club! Pargi bites you.
* * * LOW HITPOINT WARNING * * *
Pargi claws you but does no damage. Pargi misses you.
You barely miss Pargi.
Pargi is almost dead.
Pargi misses you. Pargi closely misses you. x2
The ogre hits you with a +0 giant club!
You die...

#. ... ....
...$
#+####..##..
#...@T......
#>...O......
#..#..#..##..
.... #.......
... ....
..... ..
........... #
#.##.# ###.
.. ..


You could see Pargi and an ogre.

Vanquished Creatures
  A water moccasin skeleton (D:4)
  An orc wizard (D:3)
  A hound skeleton (D:3)
  3 gnolls (D:3)
  An adder (D:2)
  2 orcs (D:3)
  8 ball pythons
  5 bats
  2 endoplasms
  3 giant cockroaches
  5 goblins
  4 hobgoblins (D:1)
  4 jackals (D:3)
  2 quokkas (D:1)
  A frilled lizard (D:3)
  3 kobolds (D:1)
  A rat (D:1)
47 creatures vanquished.

Notes
Turn   | Place    | Note
-------+----------+-------------------------------------------
     0 | D:1      | ipx the Gargoyle Arcane Marksman began the quest for the
                  | Orb.
     0 | D:1      | Reached XP level 1. HP: 12/12 MP: 2/2
    76 | D:1      | Reached XP level 2. HP: 14/16 MP: 3/3
   144 | D:1      | Reached skill level 1 in Axes
   189 | D:1      | Reached XP level 3. HP: 17/20 MP: 4/4
   426 | D:2      | Noticed Sigmund
   468 | D:3      | Reached XP level 4. HP: 17/25 MP: 5/5
   500 | D:3      | Reached XP level 5. HP: 8/29 MP: 6/6
   647 | D:4      | Noticed Pargi
   648 | D:4      | Gained mutation: Your magical capacity is low. (-10% MP)
                  | [potion of mutation]
   648 | D:4      | Noticed an ogre
   656 | D:4      | Slain by an ogre

Illustrated notes

Levels and vault maps discovered:
D:1:      amcnicky_arrival_flooded_fountain, layout_rooms
D:2:      layout_basic, hellmonk_ecumenical_altar_blasted, uniq_sigmund
D:3:      layout_loops_ring, chequers_serial_rivers_micro_e,
          nicolae_concentric_dashed_squares_mild
D:4:      minmay_chambers_of_twos, layout_basic, minmay_temple_entry_large_hall,
          hangedman_abyss_or_decor_lesser_grid, minmay_misc_feat_five,
          uniq_pargi

Skill      XL: |  1  2  3  4 |
---------------+-------------+-----
Axes           | 1 2 3 |  3.9
Crossbows      | 3 |  3.0
Fighting       | |  1.5
Dodging        | |  1.5
Spellcasting   | |  1.0
Hexes          | |  2.6

Action                   |  1- 3 |  4- 6 || total
-------------------------+-------+-------++-------
Melee: Hand axe          |    74 |    15 ||    89
       Punch             |     1 |     3 ||     4
       Spear             |       |    35 ||    35
 Fire: Hand crossbow     |    31 |    11 ||    42
  Use: Potion            |       |     3 ||     3
 Stab: Sleeping          |       |     2 ||     2
Armor: Robe              |    17 |       ||    17
       Leather armour    |    25 |    16 ||    41
Dodge: Dodged            |    73 |    34 ||   107

Table legend: (Time is in decaauts)
 A = Elapsed time spent in this place.
 B = Non-inter-level travel time spent in this place.
 C = Inter-level travel time spent in this place.
 D = Time resting spent in this place.
 E = Time spent auto-exploring this place.
 F = Levels seen in this place.
 G = Mean time per level.
                   A        B        C        D        E       F      G
               +--------+--------+--------+--------+--------+-----+--------+
         Total |    684 |    667 |     17 |      0 |      0 |   4 |  171.0 |
       Dungeon |    684 |    667 |     17 |      0 |      0 |   4 |  171.0 |
               +--------+--------+--------+--------+--------+-----+--------+

Top non-repeatable levels by time:
     D:3: 275 daAuts
     D:1: 243 daAuts
     D:2: 140 daAuts
     D:4: 26 daAuts
